 Dungeon Crawl Stone Soup version 0.16.1-11-g651b585 (webtiles) character file.

8476 Magnus the Covert (level 11, -1/96 (97) HPs)
             Began as a Ghoul Gladiator on Mar 30, 2015.
             Was a High Priest of Makhleb.
             Slain by a two-headed ogre
             ... wielding a +0 giant club
              (15 damage)
             ... on level 4 of the Orcish Mines on Mar 31, 2015.
             The game lasted 02:49:50 (13573 turns).

Magnus the Covert (Ghoul Gladiator)                Turns: 13573, Time: 02:49:53

HP:   -1/96 (97)    AC:  9    Str: 24    XL:     11   Next: 31%
MP:   8/8           EV: 14    Int:  5    God:    Makhleb [*****.]
Gold: 1160          SH:  0    Dex:  9    Spells: 0 memorised, 10 levels left

rFire  . . .     SeeInvis .       - Unarmed
rCold  + + .     Clarity  .     g - +2 ring mail {MR+}
rNeg   + + +     SustAb   .     (no shield)
rPois  ∞         Gourm    .     c - +0 helmet
rElec  .         Spirit   .     t - +0 cloak
rCorr  .         Warding  .     (no gloves)
rMut   .         Stasis   .     (no boots)
MR     +....                    (no amulet)
Stlth  ++++......               x - +3 ring of strength
                                m - ring of protection from cold

@: rotting, somewhat resistant to hostile enchantments, stealthy
A: rotting body, claws 1, carnivore 3, cold resistance 1, negative energy
resistance 3, poison resistance, slow healing 1, torment resistance, unbreathing
a: Minor Destruction, Lesser Servant of Makhleb, Major Destruction, Greater
Servant of Makhleb, Renounce Religion


You were on level 4 of the Orcish Mines.
You worshipped Makhleb.
Makhleb was extremely pleased with you.
You were not hungry.

You visited 3 branches of the dungeon, and saw 14 of its levels.
You also visited: Ice Cave.

You collected 1160 gold pieces.

Inventory:

Missiles
 d - 2 throwing nets (quivered)
 f - 29 stones
Armour
 c - a +0 helmet (worn)
 g - a +2 ring mail of magic resistance (worn)
 r - a +3 ring mail of fire resistance
 t - a +0 cloak (worn)
Jewellery
 m - a ring of protection from cold (left claw)
 x - a +3 ring of strength (right claw)
 B - an uncursed ring of flight
 E - an uncursed amulet of resist mutation
Magical devices
 b - a wand of lightning (1)
 p - a wand of lightning (4)
 u - a wand of disintegration (18)
 v - a wand of random effects (25)
 C - a wand of teleportation (7)
 G - a wand of digging (5)
Scrolls
 i - 4 scrolls of recharging
 j - 2 scrolls of remove curse
 k - 4 scrolls of identify
 n - 2 scrolls of fear
 o - 2 scrolls of teleportation
Potions
 l - a potion of magic
 z - a potion of curing
 A - a potion of brilliance
 D - a potion of agility
Books
 a - a book of the Sky

   Spells                             Type                      Level
   a - Flight                         Charms/Air                   3
   b - Airstrike                      Air                          4
   c - Silence                        Hexes/Air                    5
   d - Deflect Missiles               Charms/Air                   6
   e - Conjure Ball Lightning         Conjuration/Air              6
   f - Tornado                        Air                          9
 q - a book of Alchemy

   Spells                             Type                      Level
   a - Sublimation of Blood           Necromancy                   2
   b - Alistair's Intoxication        Transmutation/Poison         4
   c - Condensation Shield            Ice                          4
   d - Petrify                        Transmutation/Earth          4
   e - Ignite Poison                  Fire/Transmutation           5
   f - Irradiate                      Conjuration/Transmutation    5
 y - a book of Frost

   Spells                             Type                      Level
   a - Freeze                         Ice                          1
   b - Throw Frost                    Conjuration/Ice              2
   c - Ozocubu's Armour               Charms/Ice                   3
   d - Throw Icicle                   Conjuration/Ice              4
   e - Summon Ice Beast               Ice/Summoning                4
   f - Condensation Shield            Ice                          4
Comestibles
 s - a meat ration


   Skills:
 + Level 9.5 Fighting
 - Level 3.3 Throwing
 + Level 8.3 Dodging
 + Level 10.0 Stealth
 + Level 10.0 Unarmed Combat


You had 10 spell levels left.
You didn't know any spells.

Dungeon Overview and Level Annotations

Branches:
Dungeon (9/15)             Temple (1/1) D:6            Lair (0/8) D:9
    Orc (4/4) D:9             Elf (0/3) Orc:4

Altars:
Ashenzari
Cheibriados
Dithmenos
Elyvilon
Fedhas
Gozag
Kikubaaqudgha
Makhleb
Nemelex Xobeh
Okawaru
Qazlal
Ru
Sif Muna
Trog
Vehumet
Xom
Yredelemnul
Zin
The Shining One

Shops:
D:4 (   D:5 ?   Orc:3 :   Orc:4 **[

Annotations:
Orc:4 Harold, Psyche


Innate Abilities, Weirdness & Mutations

Your body is rotting away.
You thrive on raw meat.
You have sharp fingernails.
You are carnivorous and can eat meat at any time.
Your flesh is cold resistant.
You are immune to negative energy.
Your system is resistant to poisons.
You heal slowly when monsters are visible.
You are immune to unholy pain and torment.
You can survive without breathing.


Message History

Things that are here:
a hand axe; a short sword of protection You climb downwards.
There is a stone staircase leading up here.
There is a stone staircase leading down here.
You can't go up here!
You climb downwards.
Level annotation: Harold, Psyche An ogre and 2 trolls come into view.
The troll shouts!
The ogre shouts!
The troll shouts!
The troll shouts!
The hill giant hits you with a giant club!
The orc priest invokes the aid of Beogh against you.
Something smites you!
The ogre hits you with a giant spiked club!!
The two-headed ogre hits you with a giant spiked club!
The two-headed ogre closely misses you.
The two-headed ogre hits you with a giant club!!
* * * LOW HITPOINT WARNING * * *
The two-headed ogre hits you with a giant club!
You die...

.T. ...T..... ...........
.∩........... ........C....∩.
.......∩.......
#..........O.OT.
........COO....O.o..
..........@OC.......#
...........O...o....#..
.................##.#....
..$......$.................
............................
.............#...............
..#.....................#......
......>........C...............
#.#.....................#......


You could see 2 hill giants, 2 cyclopes, 3 trolls, 3 two-headed ogres, 4 ogres,
an orc priest and an orc (wandering).

Vanquished Creatures
  An ogre mage (Orc:3)
  An orc sorcerer (Orc:3)
  Joseph (D:9)
  A troll (Orc:4)
  3 two-headed ogres
  A hungry ghost (D:8)
  A yak (D:9)
  A deep elf fighter (D:9)
  2 wargs (Orc:3)
  A black bear (D:9)
  5 orc warriors
  10 ogres
  8 ice beasts
  3 centaurs
  An elf zombie (D:5)
  A crocodile (D:9)
  A big kobold (D:6)
  Blork the orc (D:5)
  A gnoll sergeant (D:5)
  4 giant frogs
  4 elf skeletons (D:5)
  A scorpion (D:8)
  6 killer bees (D:9)
  An elephant simulacrum (IceCv)
  8 wights
  9 orc priests
  A quasit (D:8)
  A giant frog zombie (D:9)
  A jelly (D:5)
  5 giant frog skeletons
  9 orc wizards
  3 human skeletons (D:5)
  A centaur skeleton (D:9)
  5 hounds
  6 worker ants
  Natasha (D:5)
  4 iguanas
  A hound zombie (D:5)
  Terence (D:2)
  A hound skeleton (D:4)
  7 adders
  5 gnolls (D:5)
  A giant mite (D:3)
  A shadow imp (D:5)
  An adder skeleton (D:5)
  An ooze (D:1)
  83 orcs
  3 ball pythons
  A bat skeleton (D:6)
  4 giant cockroaches
  19 goblins
  16 hobgoblins
  11 jackals
  8 quokkas
  26 bats
  3 giant geckos
  A giant gecko skeleton (D:7)
  A giant gecko zombie (D:5)
  5 giant newts
  A giant spore (D:3)
  A jackal skeleton (D:7)
  17 kobolds
  2 orc skeletons (D:5)
  An orc zombie (D:5)
  2 quokka skeletons (D:4)
  22 rats
  A ballistomycete (D:3)
  2 fungi (D:9)
363 creatures vanquished.

Vanquished Creatures (others)
  Ijyb (D:5)
  A jackal (D:3)
2 creatures vanquished.

Grand Total: 365 creatures vanquished

Notes
Turn   | Place    | Note
--------------------------------------------------------------
     0 | D:1      | Magnus, the Ghoul Gladiator, began the quest for the Orb.
     0 | D:1      | Reached XP level 1. HP: 17/17 MP: 1/1
   193 | D:1      | Reached XP level 2. HP: 24/24 MP: 2/2
   855 | D:2      | Reached XP level 3. HP: 27/30 MP: 3/3
   995 | D:2      | Noticed Terence
  1008 | D:2      | Killed Terence
  1008 | D:2      | Reached skill level 1 in Stealth
  1126 | D:2      | Reached skill level 4 in Unarmed Combat
  1223 | D:2      | Reached XP level 4. HP: 35/35 MP: 3/3
  1287 | D:2      | Found an opulent altar of Gozag.
  1316 | D:2      | Found an opulent altar of Gozag.
  1801 | D:3      | Found a bloodstained altar of Trog.
  2241 | D:3      | Found a glowing silver altar of Zin.
  2439 | D:3      | Reached XP level 5. HP: 45/45 MP: 4/4
  2911 | D:4      | Reached XP level 6. HP: 38/51 MP: 5/5
  3118 | D:4      | Found Ytisugor's Weapon Shoppe.
  3480 | D:4      | Noticed a phantom
  3835 | D:5      | Entered Level 5 of the Dungeon
  4070 | D:5      | Found a sparkling altar of Nemelex Xobeh.
  4087 | D:5      | Found a deep blue altar of Sif Muna.
  4288 | D:5      | Reached skill level 5 in Unarmed Combat
  4288 | D:5      | Reached XP level 7. HP: 25/57 MP: 5/5
  4355 | D:5      | Noticed Blork the orc
  4369 | D:5      | Killed Blork the orc
  4415 | D:5      | Found Kotado Saad's Magic Scroll Boutique.
  4440 | D:5      | Noticed Ijyb
  4491 | D:5      | HP: 1/57 [Ijyb/wand of lightning (24)]
  4491 | D:5      | Killed Ijyb
  5455 | D:5      | Reached skill level 5 in Fighting
  5659 | D:5      | Reached XP level 8. HP: 61/68 MP: 6/6
  5848 | D:5      | Reached skill level 5 in Stealth
  6061 | D:6      | Noticed Natasha
  6069 | D:6      | Reached skill level 6 in Unarmed Combat
  6083 | D:5      | Killed Natasha
  6171 | D:6      | Reached skill level 5 in Dodging
  6561 | D:6      | Found a staircase to the Ecumenical Temple.
  6646 | Temple   | Entered the Ecumenical Temple
  6869 | Temple   | Became a worshipper of Makhleb the Destroyer
  6909 | D:6      | Reached XP level 9. HP: 70/75 MP: 7/7
  7234 | D:6      | Found an opulent altar of Gozag.
  7561 | D:7      | Acquired Makhleb's first power
  7665 | D:7      | Reached skill level 7 in Unarmed Combat
  8937 | D:8      | Acquired Makhleb's second power
  9596 | D:9      | Found a staircase to the Orcish Mines.
  9639 | D:9      | Reached skill level 8 in Unarmed Combat
  9752 | D:9      | Reached XP level 10. HP: 83/87 MP: 7/7
  9788 | D:9      | Acquired Makhleb's third power
  9816 | D:9      | Found a blossoming altar of Fedhas.
 10279 | D:9      | Found a staircase to the Lair.
 10474 | D:9      | Found a shadowy altar of Dithmenos.
 10732 | Orc:1    | Entered Level 1 of the Orcish Mines
 10739 | D:9      | Acquired Makhleb's fourth power
 10836 | Orc:2    | Noticed Joseph
 10872 | D:9      | Killed Joseph
 11203 | Orc:1    | Reached skill level 9 in Unarmed Combat
 11288 | Orc:2    | Acquired Makhleb's fifth power
 11352 | Orc:2    | Found a frozen archway.
 11442 | IceCv    | Entered an ice cave
 12167 | Orc:3    | Noticed an orc sorcerer
 12171 | Orc:3    | Found Ylalaen's Book Emporium.
 12184 | Orc:3    | Killed an orc sorcerer
 12401 | Orc:4    | Entered Level 4 of the Orcish Mines
 12576 | Orc:4    | Reached XP level 11. HP: 92/97 MP: 8/8
 12664 | Orc:4    | Found a staircase to the Elven Halls.
 12677 | Orc:4    | Noticed Psyche
 12729 | Orc:4    | Noticed a cyclops
 12769 | Orc:4    | Noticed a deep troll
 12841 | Orc:4    | Found Haohamau's Assorted Antiques.
 12841 | Orc:4    | Noticed a hill giant
 12962 | Orc:4    | Found Ylan's Antique Armour Shoppe.
 12962 | Orc:4    | Found Gelaig's Assorted Antiques.
 12962 | Orc:4    | Noticed an ogre mage
 12962 | Orc:4    | Noticed a hill giant
 12964 | Orc:4    | Noticed a deep troll
 12965 | Orc:4    | Noticed a cyclops
 12970 | Orc:3    | Killed an ogre mage
 13135 | Orc:4    | Noticed Harold
 13142 | Orc:3    | Reached skill level 10 in Stealth
 13146 | Orc:3    | Reached skill level 10 in Unarmed Combat
 13573 | Orc:4    | Slain by a two-headed ogre

Action                   |  1- 3 |  4- 6 |  7- 9 | 10-12 || total
-------------------------+-------+-------+-------+-------++-------
Melee: Unarmed           |    96 |   302 |   598 |   468 ||  1464
Throw: Stone             |    44 |    90 |       |       ||   134
       Throwing net      |       |     4 |     4 |       ||     8
  Use: Scroll            |     4 |     5 |     9 |     4 ||    22
       Potion            |     4 |     5 |     9 |     3 ||    21
 Stab: Held in net/web   |       |     1 |     1 |       ||     2
       Sleeping          |       |       |     5 |     2 ||     7
  Eat: Chunk             |     4 |    15 |    28 |    33 ||    80
       Meat ration       |       |     1 |     1 |       ||     2
       Beef jerky        |       |     1 |     2 |       ||     3
       Pizza             |       |     1 |       |       ||     1
